 Dungeon Crawl Stone Soup version 0.30-a0-1016-gfb0d676c02 (webtiles) character file.

Game seed: 7872599696878211871

332 voltaire321 the Magician (level 6, -3/39 HPs)
             Began as an Octopode Hedge Wizard on Apr 6, 2023.
             Slain by a phantom (7 damage)
             ... on level 4 of the Dungeon.
             The game lasted 00:10:23 (3367 turns).

voltaire321 the Magician (Octopode Hedge Wizard)    Turns: 3367, Time: 00:10:24

Health: -3/39      AC:  1    Str:  9    XL:     6   Next: 52%
Magic:  4/11       EV: 13    Int: 19    God:
Gold:   178        SH:  0    Dex: 11    Spells: 5/12 levels left

rFire   + . .      SeeInvis .    a - +0 dagger
rCold   . . .      Faith    .    (no shield)
rNeg    + . .      Spirit   .    b - +0 hat
rPois   .          Reflect  .    (no amulet)
rElec   .          Rampage  .    k - ring of protection from fire
rCorr   .                        s - ring of positive energy
Will    .....                    (no ring)
Stlth   +++                      (no ring)
HPRegen 0.26/turn                (no ring)
MPRegen 0.12/turn                (no ring)
                                 (no ring)
                                 (no ring)

@: no status effects
A: almost no armour, amphibious, 8 rings, camouflage 1, gelatinous body 1,
(nimble swimmer 1), tentacles
a: no special abilities


You were on level 4 of the Dungeon.
You visited 1 branch of the dungeon, and saw 4 of its levels.

You collected 178 gold pieces.

Inventory:

Hand Weapons
 a - a +0 dagger (weapon)
Armour
 b - a +0 hat (worn)
Jewellery
 k - a ring of protection from fire (left tentacle)
 s - a ring of positive energy (right tentacle)
Scrolls
 f - 3 scrolls of identify
 g - a scroll of brand weapon {unknown}
 h - a scroll of teleportation {unknown}
 j - 2 scrolls of amnesia {unknown}
 l - a scroll of noise {unknown}
 m - a scroll of butterflies {unknown}
 t - a scroll of vulnerability {unknown}
 u - a scroll of fear {unknown}
Potions
 c - 2 potions of magic
 d - a potion of curing {unknown}
 e - 2 potions of lignification {unknown}
 i - a potion of mutation {unknown}
 n - a potion of cancellation {unknown}
 o - a potion of brilliance {unknown}
 p - a potion of flight
 q - a potion of invisibility {unknown}
 r - a potion of ambrosia {unknown}


   Skills:
 + Level 2.2 Fighting
 + Level 3.2 Dodging
 - Level 2.6 Stealth
 + Level 3.8 Spellcasting
 + Level 2.5 Conjurations
 + Level 2.7 Summonings
 + Level 2.6 Translocations


You had 5 spell levels left.
You knew the following spells:

 Your Spells              Type           Power      Damage    Failure   Level
a - Magic Dart            Conj           52%        1d5       4%          1
b - Call Imp              Summ           13%        N/A       7%          2
c - Blink                 Tloc           26%        N/A       7%          2
d - Searing Ray           Conj           26%        2d5       8%          2

Your spell library contained the following spells:

 Spells                   Type           Power      Damage    Failure   Level
 Slow                     Hex            12%        N/A       14%         1
 Cigotuvi's Dreadful Rot  Necr/Pois/Air  6%         N/A       22%         2
 Mephitic Cloud           Conj/Pois/Air  6%         N/A       30%         3
 Fulminant Prism          Conj/Hex       4%         3d5       63%         4


Dungeon Overview and Level Annotations

Branches:
Dungeon (4/15)
 Temple: D:4-7

Altars:

Annotations:
D:2 1 runed translucent door, Crazy Yiuf
D:3 1 runed translucent door, DeathPants's ghost, amateur VSGl


Innate Abilities, Weirdness & Mutations

You cannot wear most types of armour.
You are amphibious.
You can wear up to eight rings at the same time.
Your skin changes colour to match your surroundings (Stealth+).
Your rubbery body absorbs attacks. (AC +1, EV +1)
((You are camouflaged when in or above water. (Stealth+)))
You have tentacles for arms and can constrict up to eight enemies at once.


Message History

The phantom hits you.
The phantom blinks!
You blink.
You hit the phantom. Your squeeze misses the phantom.
The phantom is heavily damaged.
The phantom hits you.
You hit the phantom. You squeeze the phantom.
The phantom is severely damaged.
The phantom barely misses you.
You closely miss the phantom.
The phantom is severely damaged.
The phantom hits you.
The phantom blinks!
You blink.
You closely miss the phantom.
The phantom is severely damaged.
The phantom misses you.
You closely miss the phantom. Your squeeze misses the phantom.
The phantom is severely damaged.
The phantom hits you.
You hit the phantom. Your squeeze misses the phantom.
The phantom is severely damaged.
The phantom hits you!
* * * LOW HITPOINT WARNING * * *
Casting: Magic Dart (safe; 4% risk of failure)
Confirm with . or Enter, or press ? or * to list all spells.
Aiming: Searing Ray (safe; 8% risk of failure)
Press: ? - help, Shift-Dir - straight line, f/p - phantom
Aim: a phantom (severely damaged, 67% to hit)
The searing ray misses the phantom. (Press . to maintain the ray.)
The phantom hits you.
* * * LOW HITPOINT WARNING * * *
The phantom blinks!
You blink.
Found a scroll labelled INOFEN MOAL.
Casting: Searing Ray (safe; 8% risk of failure)
Confirm with . or Enter, or press ? or * to list all spells.
A shadowy apparition takes form in the air.
The phantom hits you.
* * * LOW HITPOINT WARNING * * *
The phantom blinks!
You blink.
You closely miss the phantom.
The phantom is severely damaged.
The phantom hits you!
You die...

#. ##.#### .....# ....#
...#### #....?# #W....#
#.@...# #### #.....# ...
##..5..### ... ## #........
#.. .. #.....§### # #..
#.##......# ####.#..
#.....##### ......ZZ
..........################.
...........(.§..........##.


You could see a phantom (ally target) and a friendly shadow imp (summoned).

Vanquished Creatures
  Sigmund (D:2)
  An orc wizard (D:3)
  A gnoll (D:2)
  3 adders
  An adder skeleton (D:4)
  A worm (D:2)
  3 dart slugs
  6 orcs (D:3)
  2 bats
  5 endoplasms
  3 giant cockroaches
  5 goblins
  5 hobgoblins
  2 jackals (D:2)
  4 quokkas
  8 ball pythons
  2 frilled lizards
  6 kobolds
  8 rats
67 creatures vanquished.

Vanquished Creatures (collateral kills)
  2 gnolls (D:2)
2 creatures vanquished.

Grand Total: 69 creatures vanquished

Notes
Turn   | Place    | Note
-------+----------+-------------------------------------------
     0 | D:1      | voltaire321 the Octopode Hedge Wizard began the quest for
                  | the Orb.
     0 | D:1      | Reached XP level 1. HP: 11/11 MP: 4/4
   232 | D:1      | Reached XP level 2. HP: 15/18 MP: 4/6
   465 | D:1      | Learned a level 2 spell: Call Imp
   468 | D:1      | Learned a level 2 spell: Blink
   965 | D:1      | Reached XP level 3. HP: 22/22 MP: 5/7
   968 | D:1      | Learned a level 2 spell: Searing Ray
  1279 | D:2      | Reached skill level 1 in Fighting
  1444 | D:2      | Noticed Sigmund
  1656 | D:2      | Reached XP level 4. HP: 28/28 MP: 1/9
  2040 | D:2      | Found a runed translucent door.
  2041 | D:2      | Noticed Crazy Yiuf
  2302 | D:2      | Killed Sigmund
  2303 | D:2      | Reached XP level 5. HP: 18/34 MP: 0/10
  2303 | D:2      | Reached XP level 6. HP: 20/39 MP: 0/11
  2406 | D:3      | Found a faded altar of an unknown god.
  2500 | D:3      | Found a runed translucent door.
  2500 | D:3      | Noticed DeathPants's ghost (amateur VSGl)
  3367 | D:4      | Slain by a phantom

Illustrated notes

Levels and vault maps discovered:
D:1:      nicolae_arrival_somewhat_less_tricky_arrival, layout_loops_corners
D:2:      layout_basic, nrook_loot_triangle, minmay_misc_feat_columns,
          uniq_crazy_yiuf_cottage, uniq_sigmund
D:3:      layout_basic, shapermc_ecumenical_altar_venn, gammafunk_ghost_grave,
          kennysheep_generic_room_9
D:4:      layout_basic, serial_undead, serial_undead_a, serial_undead_f,
          serial_undead_a, serial_undead_b, minmay_crystal_room

Skill      XL: |  1  2  3  4 |
---------------+-------------+-----
Fighting       | 1 2 |  2.2
Dodging        | 3 |  3.2
Conjurations   | 2 |  2.5
Summonings     | 2 |  2.7
Translocations | 2 |  2.6
Stealth        | |  2.6
Spellcasting   | |  3.8

Action                     |  1- 3 |  4- 6 || total
---------------------------+-------+-------++-------
  Melee: Dagger            |    41 |    60 ||   101
         Tentacles         |     7 |    12 ||    19
         Constrict         |     8 |    12 ||    20
         Punch             |       |     2 ||     2
   Cast: Magic Dart        |    33 |    38 ||    71
         Call Imp          |     2 |     3 ||     5
         Searing Ray       |     2 |     5 ||     7
    Use: Scroll            |       |     1 ||     1
   Stab: Sleeping          |     8 |     4 ||    12
 Armour: Skin              |     4 |     2 ||     6
  Dodge: Dodged            |    24 |    32 ||    56

Table legend: (Time is in decaauts)
 A = Elapsed time spent in this place.
 B = Non-inter-level travel time spent in this place.
 C = Inter-level travel time spent in this place.
 D = Time resting spent in this place.
 E = Time spent auto-exploring this place.
 F = Levels seen in this place.
 G = Mean time per level.
                   A        B        C        D        E       F      G
               +--------+--------+--------+--------+--------+-----+--------+
         Total |   3366 |   3191 |    175 |    378 |   1725 |   4 |  841.5 |
       Dungeon |   3366 |   3191 |    175 |    378 |   1725 |   4 |  841.5 |
               +--------+--------+--------+--------+--------+-----+--------+

Top non-repeatable levels by time:
     D:1: 1288 daAuts
     D:2: 1108 daAuts
     D:3: 876 daAuts
     D:4: 93 daAuts
